 Dungeon Crawl Stone Soup version 0.17-a0-1635-gd4e48f1 (webtiles) character file.

8402 karlkraus the Blocker (level 11, -4/97 HPs)
             Began as a Minotaur Fighter on Aug 4, 2015.
             Was a High Priest of Okawaru.
             Slain by an orc knight
             ... wielding a +0 war axe
              (10 damage)
             ... in a bailey.
             The game lasted 00:24:40 (7020 turns).

karlkraus the Blocker (Minotaur Fighter)            Turns: 7020, Time: 00:24:41

Health: -4/97      AC: 17    Str: 29      XL:     11   Next: 9%
Magic:  10/10      EV:  9    Int:  2 (3)  God:    Okawaru [*****.]
Gold:   660        SH: 15    Dex: 15      Spells: 0 memorised, 10 levels left

rFire  + . .     SeeInvis .     b - +6 morningstar (holy)
rCold  . . .     Clarity  .     o - +0 plate armour
rNeg   . . .     SustAt   .     c - +1 shield
rPois  .         Gourm    .     (helmet unavailable)
rElec  .         Spirit   .     (no cloak)
rCorr  .         Warding  .     g - +1 pair of gloves
rMut   .         Stasis   .     (no boots)
MR     .....                    (no amulet)
Stlth  ..........               u - +5 ring of dexterity
                                s - ring of protection from fire

@: mighty, not resistant to hostile enchantments, extremely unstealthy
A: retaliatory headbutt, claws 1, horns 3, blurry vision 1, deterioration 1,
dopey 1, MP-powered wands
a: Heroism, Finesse, Renounce Religion


You were in a bailey.
You worshipped Okawaru.
Okawaru was extremely pleased with you.
You were hungry.

You visited 1 branch of the dungeon, and saw 10 of its levels.
You also visited: Bailey.

You collected 660 gold pieces.

Inventory:

Hand weapons
 b - a +6 morningstar of holy wrath (weapon)
 v - a +2 mace of draining
Armour
 c - a +1 shield (worn)
 g - a +1 pair of gloves (worn)
 o - a +0 plate armour (worn)
Jewellery
 h - an uncursed amulet of stasis {unknown}
 k - an uncursed ring of teleportation
 s - a ring of protection from fire (left hand)
 u - a +5 ring of dexterity (right hand)
 y - an uncursed ring of flight
Magical devices
 d - a wand of digging (13)
 x - a wand of confusion (11)
Scrolls
 a - 2 scrolls of remove curse
 f - 2 scrolls of identify
 j - 3 scrolls of immolation
 B - a scroll of acquirement {unknown}
 D - 2 scrolls of teleportation
Potions
 i - 3 potions of ambrosia {unknown}
 m - 2 potions of mutation {unknown}
 q - 2 potions of curing {unknown}
 r - 3 potions of haste {unknown}
 w - a potion of poison {unknown}
 A - 3 potions of invisibility {unknown}
 C - a potion of resistance
 H - a potion of degeneration {unknown}
 I - a potion of flight
Comestibles
 e - 9 bread rations
 l - 3 slices of pizza
 n - 2 beef jerkies
 p - 2 meat rations
 E - 9 fruits


   Skills:
 + Level 9.0 Fighting
 + Level 10.2 Maces & Flails
 + Level 10.2 Armour
 + Level 4.0 Dodging
 + Level 0.3 Stealth
 + Level 12.3 Shields


You had 10 spell levels left.
You didn't know any spells.

Dungeon Overview and Level Annotations

Branches:
Dungeon (10/15)            Temple (0/1) D:6            Lair (0/8) D:8
    Orc: D:9-12

Altars:
Cheibriados
Makhleb
Okawaru
Qazlal
Ru
Xom
Zin
The Shining One

Shops:
D:4 [


Innate Abilities, Weirdness & Mutations

You reflexively headbutt those who attack you in melee.
You have a pair of large horns on your head.
You have sharp fingernails.
Scrolls take you a little longer to read.
Your body sometimes deteriorates upon taking damage.
You are dopey. (Int -2)
You expend magic power (3 MP) to strengthen your wands.


Message History

* * * LOW HITPOINT WARNING * * *
You block the goblin's attack. The orc warrior barely misses you.
You hit the gnoll. You headbutt the gnoll!
You kill the gnoll!
Okawaru accepts your kill. The orc knight barely misses you.
You furiously retaliate!
You headbutt the orc knight! The goblin closely misses you.
You block the orc warrior's attack. The orc warrior closely misses you.
You thump the orc!
You kill the orc!
Okawaru accepts your kill. You block the orc knight's attack.
You block the goblin's attack.
The orc warrior hits you with a war axe.
* * * LOW HITPOINT WARNING * * *
You block the goblin's attack.
The kobold appears out of thin air!
A kobold comes into view.
The orc knight roars a battlecry!
The orc warrior goes into a battle-frenzy!
The orc knight hits you with a war axe!
You die...

##### #K((
#... ...
######.######
#...#gKo#...#
#?..gg8gK..}#


#ooo# ##@## #.g.# #...# #...# ##+## #≈.≈# K≈.≈K ##≈.≈## You could see an orc
knight, 2 orc warriors, an orc (frenzied), a hobgoblin, 4 goblins and 3 kobolds.

Vanquished Creatures
  The ghost of emiel the Skirmisher, an experienced CeWz of Cheibriados (D:7)
  The ghost of asdu the Basher, an experienced CeBe of Trog (Bailey)
  A hill giant (D:9)
  Psyche (D:8)
  A fire drake (D:8)
  A troll (D:9)
  2 two-headed ogres
  Sigmund (D:3)
  5 yaks (D:9)
  A spriggan (D:8)
  A deep elf mage (D:9)
  A hippogriff (D:7)
  A hungry ghost (D:9)
  Edmund (D:4)
  Duvessa (D:7)
  2 sky beasts
  2 wasps
  A black bear (D:9)
  7 orc warriors
  3 phantoms
  An ogre (D:9)
  4 centaurs
  6 giant frogs
  Dowan (D:7)
  2 scorpions (D:6)
  5 wights (D:8)
  5 crimson imps
  2 hounds
  A centaur zombie (D:7)
  A giant frog zombie (D:5)
  2 giant frog skeletons
  7 orc priests
  Ijyb (D:3)
  2 iguanas (D:4)
  5 worker ants
  Natasha (thrice) (D:4)
  5 orc wizards
  A killer bee zombie (D:9)
  2 hound skeletons
  A hound zombie (D:7)
  A mummy (D:8)
  A worker ant zombie (D:9)
  12 gnolls
  5 adders
  3 shadow imps
  2 adder zombies
  2 adder skeletons
  4 worms
  A giant gecko (D:3)
  28 orcs
  3 ball pythons
  9 giant cockroaches
  9 hobgoblins
  6 jackals
  7 kobolds
  7 bats
  2 giant gecko skeletons (D:5)
  4 giant newts
  11 goblins
  3 jackal skeletons (D:4)
  A quokka (D:3)
  A quokka skeleton (D:7)
  2 rats
216 creatures vanquished.

Notes
Turn   | Place    | Note
--------------------------------------------------------------
     0 | D:1      | karlkraus the Minotaur Fighter began the quest for the Orb.
     0 | D:1      | Reached XP level 1. HP: 19/19 MP: 0/0
   383 | D:1      | Reached XP level 2. HP: 27/27 MP: 1/1
   624 | D:2      | Reached skill level 4 in Fighting
   713 | D:2      | Reached XP level 3. HP: 25/33 MP: 2/2
   810 | D:2      | Found an iron altar of Okawaru.
   835 | D:2      | Became a worshipper of Warmaster Okawaru
  1439 | D:3      | Noticed Sigmund
  1465 | D:3      | Reached XP level 4. HP: 21/41 MP: 3/3
  1468 | D:3      | Killed Sigmund
  1468 | D:3      | Acquired Okawaru's first power
  1468 | D:3      | Reached skill level 5 in Armour
  1468 | D:3      | Reached skill level 1 in Dodging
  1468 | D:3      | Reached skill level 5 in Shields
  1468 | D:3      | Reached XP level 5. HP: 21/47 MP: 4/4
  1758 | D:3      | Noticed Ijyb
  1770 | D:3      | Killed Ijyb
  1770 | D:3      | Reached XP level 6. HP: 47/55 MP: 5/5
  2105 | D:4      | Found a sacrificial altar of Ru.
  2109 | D:4      | Found a glowing golden altar of the Shining One.
  2115 | D:4      | Found a burning altar of Makhleb.
  2116 | D:4      | Found a stormy altar of Qazlal.
  2143 | D:4      | Noticed Natasha
  2149 | D:4      | Killed Natasha
  2149 | D:4      | Reached skill level 5 in Fighting
  2303 | D:4      | Noticed Natasha
  2320 | D:4      | Killed Natasha
  2573 | D:4      | Reached skill level 6 in Shields
  2573 | D:4      | Reached XP level 7. HP: 29/61 MP: 6/6
  2742 | D:4      | Noticed Edmund
  2752 | D:4      | Killed Edmund
  2752 | D:4      | Reached skill level 5 in Maces & Flails
  3086 | D:4      | Noticed Natasha
  3097 | D:4      | Killed Natasha
  3142 | D:4      | Found Axzokur's Antique Armour Boutique.
  3408 | D:5      | Entered Level 5 of the Dungeon
  3445 | D:5      | Gained mutation: You have sharp fingernails. [mutagenic meat]
  3446 | D:5      | Gained mutation: Scrolls take you a little longer to read. [mutagenic meat]
  3447 | D:5      | Gained mutation: Potions and wands are less effective at restoring your health. [mutagenic meat]
  3448 | D:5      | Gained mutation: You have a pair of large horns on your head. [mutagenic meat]
  3449 | D:5      | Gained mutation: Your body sometimes deteriorates upon taking damage. [mutagenic meat]
  3450 | D:5      | Gained mutation: You possess an exceptional clarity of mind. [mutagenic meat]
  3749 | D:5      | Found a snail-covered altar of Cheibriados.
  3851 | D:5      | Reached skill level 7 in Shields
  3851 | D:5      | Reached XP level 8. HP: 70/70 MP: 7/7
  4119 | D:6      | Found a glowing silver altar of Zin.
  4184 | D:6      | Found a shimmering altar of Xom.
  4254 | D:6      | Found a staircase to the Ecumenical Temple.
  4667 | D:7      | Noticed emiel's ghost (experienced CeWz)
  4680 | D:7      | Killed emiel's ghost
  4680 | D:7      | Reached skill level 8 in Armour
  4680 | D:7      | Reached XP level 9. HP: 47/78 MP: 8/8
  4972 | D:7      | Noticed Duvessa
  4974 | D:7      | Noticed Dowan
  4985 | D:7      | Killed Duvessa
  4992 | D:7      | Killed Dowan
  5218 | D:7      | Reached skill level 9 in Shields
  5603 | D:8      | Noticed Psyche
  5616 | D:8      | Paralysed by something for 2 turns
  5623 | D:8      | Killed Psyche
  5708 | D:8      | Found a staircase to the Lair.
  5708 | D:8      | Noticed a fire drake
  5729 | D:8      | Killed a fire drake
  5729 | D:8      | Reached skill level 10 in Shields
  5815 | D:8      | Acquired Okawaru's second power
  5920 | D:8      | Reached XP level 10. HP: 32/88 MP: 9/9
  6157 | D:8      | Found a snail-covered altar of Cheibriados.
  6296 | D:9      | Reached skill level 11 in Shields
  6326 | D:9      | Lost mutation: Potions and wands are less effective at restoring your health. [mutagenic meat]
  6328 | D:9      | Gained mutation: You are dopey. (Int -2) [mutagenic meat]
  6329 | D:9      | Gained mutation: You expend magic power (3 MP) to strengthen your wands. [mutagenic meat]
  6330 | D:9      | Lost mutation: You possess an exceptional clarity of mind. [mutagenic meat]
  6372 | D:9      | Noticed a hill giant
  6379 | D:9      | Killed a hill giant
  6449 | D:9      | Received a gift from Okawaru
  6455 | D:9      | Reached skill level 10 in Armour
  6652 | D:9      | Reached skill level 12 in Shields
  6772 | D:9      | Reached skill level 10 in Maces & Flails
  6865 | D:10     | Entered Level 10 of the Dungeon
  6969 | D:10     | Found a flagged portal.
  6988 | Bailey   | Entered a bailey
  6996 | Bailey   | Noticed asdu's ghost (experienced CeBe)
  7004 | Bailey   | Killed asdu's ghost
  7004 | Bailey   | Reached XP level 11. HP: 85/97 MP: 10/10
  7007 | Bailey   | Noticed an orc knight
  7020 | Bailey   | Slain by an orc knight

Vault maps used:
D:1:      tarquinn_simple_flora_water_b, lemuel_old_faithful
D:2:      okawaru_ov_weapons_minmay
D:3:      uniq_sigmund, uniq_iyjb
D:4:      minitemple, serial_shops, nicolae_shop_behind_doors, first_bread,
          uniq_edmund, uniq_natasha
D:5:      lemuel_crystal_altar
D:6:      minmay_temple_entry_large_hall, basic_altar, tgw_xom
D:7:      uniq_duvessa
D:8:      minmay_lair_entry_lava, the_bakery, chei_slow_surprise, uniq_psyche
D:10:     orc_0_dummy, lightli_bailey_entry_fortress, jmf_multi_god_temple2,
          uniq_gastronok, uniq_grum, uniq_urug
Bailey:   bailey_axe_1, bailey

Action                   |  1- 3 |  4- 6 |  7- 9 | 10-12 || total
-------------------------+-------+-------+-------+-------++-------
Melee: Flail             |   108 |   128 |   257 |    48 ||   541
       Morningstar       |       |       |       |    77 ||    77
       Mace              |       |       |       |    64 ||    64
  Use: Potion            |     1 |       |     4 |     2 ||     7
       Scroll            |       |       |    13 |     4 ||    17
  Eat: Chunk             |     1 |     4 |    18 |     8 ||    31
